 Dungeon Crawl Stone Soup version bcrawl-1.21 (webtiles) character file.

Game seed: 935644632044110417

128 Mrkan the Skirmisher (level 5, 0/55 HPs)
             Began as an Ogre Fighter on Feb 11, 2020.
             Was an Initiate of Ashenzari.
             Succumbed to an adder's poison
             ... on level 3 of the Dungeon.
             The game lasted 00:03:27 (2882 turns).

Mrkan the Skirmisher (Ogre Fighter)                 Turns: 2882, Time: 00:03:28

Health: 0/55       AC:  3    Str: 19 (21) XL:     5   Next: 11%
Magic:  5/5        EV:  8    Int: 11 (14) God:    Ashenzari [......]
Gold:   129        SH:  8    Dex:  7 (8)  Spells: 4/4 levels left

rFire    . . .     SeeInvis .   a - +0 flail
rCold    . . .     Gourm    .   c - +0 shield (curse)
rNeg     . . .     Faith    .   b - +0 robe
rPois    .         Spirit   .   (helmet restricted)
rElec    .         Reflect  .   (no cloak)
rCorr    .         Harm     .   (gloves unavailable)
MR       .....                  (boots unavailable)
Stlth    +.........             (no amulet)
HPRegen  0.18/turn              (no ring)
MPRegen  0.09/turn              (no ring)

@: brilliant, lethally poisoned (0 -> -9)
A: large, unfitting armour, talons 1, tough skin 1, evolution 1
a: Curse Item, Renounce Religion


You were on level 3 of the Dungeon.
You worshipped Ashenzari.
Ashenzari was noncommittal.
You were hungry.

You visited 1 branch of the dungeon, and saw 3 of its levels.

You collected 129 gold pieces.

Inventory:

Hand Weapons
 a - a +0 flail (weapon)
Armour
 b - a +0 robe (worn)
 c - a cursed +0 shield (worn)
Scrolls
 g - 3 scrolls of identify {unknown}
 h - a scroll of magic mapping {unknown}
 l - a scroll of remove curse {unknown}
 n - a scroll of enchant weapon {unknown}
Potions
 d - a potion of might
 i - a potion of mutation
 k - a potion of invisibility
Comestibles
 e - a ration {!d}


   Skills:
 + Level 4.9 Fighting
 * Level 4.2 Maces & Flails
 + Level 1.4 Armour
 - Level 2.6 Dodging
 + Level 3.2 Shields


You had 4 spell levels left.
You didn't know any spells.
Your spell library was empty.

Dungeon Overview and Level Annotations

Branches:
Dungeon (3/12)

Altars:
Ashenzari
Fedhas
Makhleb
Okawaru
Vehumet
Xom


Innate Abilities, Weirdness & Mutations

You are too large for most types of armour.
You have tough skin. (AC +1)
You have sharp toenails.
You evolve.


Message History

It was a potion of brilliance.
You feel clever all of a sudden.
* * * LOW HITPOINT WARNING * * *
You feel sick.
It was a potion of degeneration.
There was something very wrong with that liquid.
You feel weakened.
You feel dopey.
You feel clumsy.
* * * LOW HITPOINT WARNING * * *
You feel sick.
There is a lethal amount of poison in your body!
There is a lethal amount of poison in your body!
There is a lethal amount of poison in your body!
There is a lethal amount of poison in your body!
* * * LOW HITPOINT WARNING * * *
You feel sick.
* * * LOW HITPOINT WARNING * * *
You feel sick.
* * * LOW HITPOINT WARNING * * *
You feel sick.
You die...

######.# ####.######
.....#.###.....<...#
.......^..##.####.#
#....## #.#
#.....####.#
#..........#
......#.########
##### #.# #@# #+#


There were no monsters in sight!

Vanquished Creatures
  3 adders
  An ooze (D:1)
  4 worms
  2 dart slugs (D:2)
  4 leopard geckos (D:2)
  2 giant cockroaches
  12 goblins
  15 hobgoblins
  4 jackals (D:1)
  3 quokkas
  8 bats
  2 frilled lizards (D:1)
  10 kobolds
  4 rats
74 creatures vanquished.

Notes
Turn   | Place    | Note
-------+----------+-------------------------------------------
     0 | D:1      | Mrkan the Ogre Fighter began the quest for the Orb.
     0 | D:1      | Reached XP level 1. HP: 24/24 MP: 1/1
    27 | D:1      | Reached XP level 2. HP: 29/32 MP: 2/2
   383 | D:1      | Reached XP level 3. HP: 31/39 MP: 3/3
   572 | D:1      | Found a shattered altar of Ashenzari.
   608 | D:1      | Became a worshipper of Ashenzari the Shackled
  1193 | D:2      | Reached skill level 1 in Armour
  1325 | D:2      | Found a shimmering altar of Xom.
  1325 | D:2      | Found a burning altar of Makhleb.
  1325 | D:2      | Found an iron altar of Okawaru.
  1470 | D:2      | Reached XP level 4. HP: 49/49 MP: 4/4
  1771 | D:2      | Found a radiant altar of Vehumet.
  2723 | D:2      | Found a blossoming altar of Fedhas.
  2852 | D:3      | Reached XP level 5. HP: 54/55 MP: 5/5
  2875 | D:3      | Gained mutation: You have sharp toenails. [potion of
                  | mutation]
  2875 | D:3      | Gained mutation: You evolve. [potion of mutation]
  2879 | D:3      | HP: 2/55 [poisoned by an adder]
  2882 | D:3      | Succumbed to an adder's poison

Skill      XL: |  1  2  3  4 |
---------------+-------------+-----
Maces & Flails | 3 4 |  4.2
Shields        | 3 |  3.2
Armour         | 1 |  1.4
Fighting       | |  4.9
Dodging        | |  2.6

Action                   |  1- 3 |  4- 6 || total
-------------------------+-------+-------++-------
Melee: Flail             |   143 |   106 ||   249
Invok: Curse Item        |     1 |       ||     1
  Use: Potion            |       |     5 ||     5
  Eat: Chunk             |     2 |     4 ||     6
Armor: Robe              |    36 |    19 ||    55
Dodge: Dodged            |    57 |    42 ||    99
Block: Shield            |    68 |    50 ||   118
